 Dungeon Crawl Stone Soup version 0.18.1-50-g88ac8fd (webtiles) character file.

312 RudyRod the Skirmisher (level 6, -4/56 HPs)
             Began as a Naga Fighter on Oct 18, 2016.
             Slain by a wyvern (5 damage)
             ... on level 3 of the Dungeon.
             The game lasted 00:06:32 (2236 turns).

RudyRod the Skirmisher (Naga Fighter)               Turns: 2236, Time: 00:06:33

Health: -4/56      AC:  5    Str: 18    XL:     6   Next: 42%
Magic:  6/6        EV: 11    Int:  7    God:
Gold:   91         SH:  9    Dex: 17    Spells: 0 memorised, 5 levels left

rFire  . . .     SeeInvis +     a - +0 trident
rCold  . . .     Gourm    .     b - +0 scale mail
rNeg   . . .     Faith    .     c - +0 shield
rPois  +         Spirit   .     (no helmet)
rElec  .         Dismiss  .     (no cloak)
rCorr  .         Reflect  .     (no gloves)
SustAt .         Harm     .     (no barding)
MR     .....     Rnd*Tele +     (no amulet)
Stlth  ++........               (no ring)
                                (no ring)

@: agile, very slow, not resistant to hostile enchantments, unstealthy
A: see invisible, deformed body, dopey 1, poison resistance, slowness 2, slow
metabolism 1, spit poison 2, teleportitis 1, AC +2
a: Spit Poison


You were on level 3 of the Dungeon.
You were not hungry.

You visited 1 branch of the dungeon, and saw 3 of its levels.

You collected 91 gold pieces.

Inventory:

Hand Weapons
 a - a +0 trident (weapon)
Armour
 b - a +0 scale mail (worn)
 c - a +0 shield (worn)
 k - a cursed +0 large shield
Wands
 d - a wand of random effects (14/48)
Scrolls
 e - 3 scrolls of identify {unknown}
 h - a scroll of fear {unknown}
 i - 2 scrolls of random uselessness {unknown}
 j - a scroll of remove curse {unknown}
 m - a scroll of enchant weapon {unknown}
 q - a scroll of enchant armour {unknown}
 r - 2 scrolls of magic mapping {unknown}
 s - a scroll of teleportation {unknown}
 t - a scroll of fog {unknown}
Comestibles
 f - a chunk of flesh
 g - a slice of pizza
 n - a beef jerky
 p - 4 fruits


   Skills:
 + Level 3.5 Fighting
 + Level 3.1 Polearms
 + Level 3.4 Armour
 * Level 1.4 Dodging
 * Level 3.4 Stealth
 * Level 3.5 Shields


You had 5 spell levels left.
You didn't know any spells.

Dungeon Overview and Level Annotations

Branches:
Dungeon (3/15)

Altars:
Pakellas


Innate Abilities, Weirdness & Mutations

You cannot wear boots.
Your serpentine skin is tough (AC +2).
You have supernaturally acute eyesight.
Armour fits poorly on your strangely shaped body.
Your system is resistant to poisons.
You cover ground very slowly.
You have a slow metabolism.
You can spit poison.
You are dopey. (Int -2)
You are occasionally teleported next to monsters.


Message History

You closely miss the wyvern. You block the wyvern's attack.
You hit the wyvern but do no damage. You block the wyvern's attack.
The wyvern barely misses you.
You barely miss the wyvern. The wyvern bites you! x2
* * * LOW HITPOINT WARNING * * *
You barely miss the wyvern. The wyvern bites you.
* * * LOW HITPOINT WARNING * * *
The wyvern bites you.
* * * LOW HITPOINT WARNING * * *
Drink which item? (? for menu, Esc to quit)
It was a potion of mutation.
You feel extremely strange.
You feel weirdly uncertain.
You feel stupid. You block the wyvern's attack.
Drink which item? (? for menu, Esc to quit)
It was a potion of agility.
You feel agile all of a sudden. You block the wyvern's attack.
The wyvern closely misses you.
Your shield prevents you from hitting the wyvern.
The wyvern barely misses you. The wyvern bites you.
You die...

#.##########.# #.#
###.# #.# #.#.#
#.########.#.# #
#<.........#.#
##.#.########.#.#
.....########.#.#
......<.......#.#
...##l@........#
.......!........#
#######..........#
................
######.#########
#.# #.# #.#


You could see a wyvern.

Vanquished Creatures
  Sigmund (D:2)
  Terence (D:2)
  7 adders (D:2)
  A shadow imp (D:2)
  2 worms (D:2)
  2 dart slugs
  A giant gecko (D:2)
  3 giant cockroaches (D:1)
  12 goblins
  5 hobgoblins (D:1)
  5 jackals (D:1)
  A quokka (D:2)
  A ball python (D:1)
  4 bats
  3 giant newts
  5 kobolds
  5 rats
59 creatures vanquished.

Notes
Turn   | Place    | Note
--------------------------------------------------------------
     0 | D:1      | RudyRod the Naga Fighter began the quest for the Orb.
     0 | D:1      | Reached XP level 1. HP: 21/21 MP: 1/1
   114 | D:1      | Reached XP level 2. HP: 28/28 MP: 2/2
   345 | D:1      | Reached XP level 3. HP: 34/34 MP: 3/3
  1129 | D:2      | Reached XP level 4. HP: 42/42 MP: 4/4
  1336 | D:2      | Noticed Sigmund
  1343 | D:2      | Killed Sigmund
  1343 | D:2      | Reached skill level 1 in Dodging
  1343 | D:2      | Reached XP level 5. HP: 29/49 MP: 5/5
  1367 | D:2      | Reached XP level 6. HP: 38/56 MP: 6/6
  1422 | D:2      | Found an oddly glowing altar of Pakellas.
  1432 | D:2      | Noticed Terence
  1454 | D:2      | Killed Terence
  2226 | D:3      | Noticed a wyvern
  2233 | D:3      | HP: 1/56 [wyvern (6)]
  2234 | D:3      | Gained mutation: You are occasionally teleported next to monsters. [potion of mutation]
  2234 | D:3      | Gained mutation: You are dopey. (Int -2) [potion of mutation]
  2236 | D:3      | Slain by a wyvern

Skill      XL: |  1  2  3  4  5  6 |
---------------+-------------------+-----
Armour         | 3 |  3.4
Shields        | 3 |  3.5
Dodging        | 1 |  1.4
Stealth        | 2 3 |  3.4
Polearms       | 3 |  3.1
Fighting       | |  3.5

Action                   |  1- 3 |  4- 6 || total
-------------------------+-------+-------++-------
Melee: Trident           |    75 |   114 ||   189
 Abil: Spit Poison       |     1 |     8 ||     9
  Use: Potion            |       |     3 ||     3
 Stab: Sleeping          |       |     1 ||     1
  Eat: Chunk             |       |     3 ||     3
       Bread ration      |       |     1 ||     1
Armor: Scale mail        |    38 |    29 ||    67
Dodge: Dodged            |    16 |    30 ||    46
Block: Shield            |    43 |    53 ||    96
